Description

This build order is really powerful and hard to stop. He is used by most of the pro players!

The goal is to open with a Gate expand into Stargate. The first oracle is here for scouting and the phoenix is here to deny overlords. Then you play with Archon drop (You can win if the Zerg don't make any roach) and take your third. The late game composition is Immortal / Archon / Chargelot., this composition is strong because you can fight every Zerg ground army and you can switch to sky if there is mutalisks.

Notes :

  • If there is many roach when you drop, go to double robo production
  • Archon drop can finish the game if there is only zerglings
  • Go to storm if you scout a hydralisk den
  • Against lurker, try to reveal the army with your oracle
  • Never lose your oracle, it's very useful against every kind of zerglings pressure and to scout the Zerg army
  • If he goes to muta, you can make more phoenix
  • Against hydra/lurker without roach, you can play with only Immo / Archon / Zealot
  • If you play against hydralisk with storm: Make only 4 High templars. It's enough and you need archons
  • If there is a switch to broodlords, switch to void ray or Tempest (I love playing with void ray)

VOD

https://youtu.be/dsAz1sRAmes

Replay - Kalekin v zuka - Para Site LE

Build Order

Get SALT Encoding   

  12  0:01  Probe  
  13  0:13  Probe  
  14  0:19  Pylon  
  14  0:21  Probe  
  15  0:33  Probe  
  15  0:41  Gateway  
  16  0:45  Probe  
  16  0:49  Assimilator  
  17  0:55  Probe  
  18  1:03  Probe  
  19  1:12  Probe  
  19  1:17  Pylon  
  20  1:33  Nexus  
  20  1:39  Cybernetics Core  
  20  1:41  Probe  
  20  1:46  Assimilator  
  21  1:53  Probe  
  22  1:59  Pylon  
  23  2:09  Adept  
  26  2:28  Stargate  
  26  2:36  Adept  
  29  2:42  Warp Gate  
  31  2:54  Gateway  
  32  3:02  Oracle  
  38  3:14  Adept  
  42  3:33  Pylon  
  43  3:40  Phoenix  
  46  3:51  Robotics Facility  
  47  3:56  Assimilator x2  
  47  4:02  Pylon  
  50  4:14  Twilight Council  
  52  4:25  Gateway x2  
  55  4:39  Warp Prism  
  59  4:54  Templar Archives  
  60  5:06  Nexus  
  63  5:26  Assimilator  
  62  5:31  Assimilator  
  62  5:34  High Templar x3  
  68  5:39  High Templar  
  68  5:40  Archon  
  68  5:41  Immortal  
  68  5:42  Charge  
  70  5:45  Archon  
  78  6:03  Gateway  
  78  6:10  Forge  
  80  6:18  Robotics Facility, Immortal  
  86  6:29  Protoss Ground Weapons Level 1  
  89  6:43  Shield Battery x2  
  90  6:50  Immortal  
  99  7:01  High Templar x2  
  99  7:02  Zealot x2  
  99  7:05  Archon  
  99  7:06  Immortal  
  114  7:19  Immortal  
  121  7:31  Shield Battery x2  
  121  7:36  Psionic Storm  
  120  7:38  Zealot x3  
  120  7:39  High Templar x2  
  120  7:40  Immortal  
  130  7:45  Archon  
  136  7:56  Gateway  
  136  8:00  High Templar  
  136  8:02  Zealot  
  140  8:10  Gateway x2  
  140  8:13  Immortal  
  148  8:20  Immortal  
  148  8:24  High Templar  
  148  8:26  Zealot x3  
  156  8:45  Gateway  
  156  8:46  Protoss Ground Weapons Level 2  
  158  8:51  Zealot  
  164  8:57  Gateway  
  164  9:09  Immortal x2  
  172  9:24  Photon Cannon  
  172  9:25  Shield Battery  
  186  9:41  Archon x2  
  186  9:45  Warp Prism  
  188  9:46  Observer  
Spawning Tool Build Advisor. Get it on Overwolf

Go to:

Details

  • Created by: zuka      
  • Published on: Oct 25, 2018
  • Modified on: Oct 25, 2018
  • Patch: 4.0.0
Show
View Real Time Build Order
Export as new Build Order

Comments (0)

There are no comments. Be the first!

Create an account to comment!